 Dungeon Crawl Stone Soup version 0.30.1-11-g7821555f0a (webtiles) character file.

Game seed: 9527165668045736419

19051 Gladio the Earth Mage (level 13, -14/60 HPs)
             Began as a Meteoran Earth Elementalist on Oct 30, 2023.
             Was a High Priest of Vehumet.
             Demolished by an orc warlord
             ... wielding a +0 halberd
              (24 damage)
             ... on level 1 of the Orcish Mines.
             The game lasted 00:35:58 (8297 turns).

Gladio the Earth Mage (Meteoran Earth Elementalist) Turns: 8297, Time: 00:35:58

Health: -14/60     AC: 10    Str: 14    XL:     13   Next: 29%
Magic:  3/32       EV: 12    Int: 24    God:    Vehumet [*****.]
Gold:   296        SH:  0    Dex: 15    Spells: 18/40 levels left

rFire   . . .        s - +4 short sword of Balance {flame, Str+4}
rCold   + . .        (no shield)
rNeg    . . .        L - +0 acid dragon scales
rPois   .            (helmet restricted)
rElec   .            N - +0 cloak
rCorr   +            (no gloves)
SInv    .            P - +2 pair of boots {rampage}
Will    ++...        (no amulet)
Stlth   +            u - ring of willpower
HPRegen 0.30/turn    C - ring of protection from cold
MPRegen 0.23/turn

%: rampage
@: glowing
A: sense surroundings 2, otherworldly, glowing, explore regen, horns 1, clever 1
a: Renounce Religion


You were on level 1 of the Orcish Mines.
You worshipped Vehumet.
Vehumet was extremely pleased with you.
You visited 3 branches of the dungeon, and saw 15 of its levels.

You collected 875 gold pieces.
You spent 579 gold pieces at shops.

Inventory:

Hand Weapons
 h - a +1 dagger of venom
 s - the +4 short sword of Balance (weapon) {flame, Str+4}
   (You found it on level 3 of the Dungeon)

   Str:       It affects your strength (+4).
Missiles
 V - 2 curare-tipped darts
Armour
 a - a +0 robe
 D - a +2 ring mail of fire resistance
 H - a +0 helmet
 L - +0 acid dragon scales (worn)
 N - a +0 cloak (worn)
 O - a +0 robe of willpower
 P - a +2 pair of boots of rampaging (worn)
Jewellery
 u - a ring of willpower (left hand)
 C - a ring of protection from cold (right hand)
 T - a ring of protection from cold
Wands
 i - a wand of roots (9)
 t - a wand of polymorph (5)
 E - a wand of quicksilver (7)
 F - a wand of digging (5)
 G - a wand of paralysis (13)
 R - a wand of flame (10)
Scrolls
 b - 5 scrolls of vulnerability
 c - a scroll of fear
 d - 3 scrolls of noise {unknown}
 e - 2 scrolls of brand weapon
 g - a scroll of enchant armour {unknown}
 l - a scroll of silence
 m - a scroll of poison
 n - 4 scrolls of immolation
 o - 2 scrolls of blinking
 r - 3 scrolls of teleportation
 v - a scroll of summoning
 y - 2 scrolls of enchant weapon
 J - a scroll of amnesia
 K - 2 scrolls of fog
 M - a scroll of magic mapping {unknown}
 Q - a scroll of acquirement {unknown}
Potions
 f - 2 potions of heal wounds
 j - a potion of lignification {unknown}
 k - 4 potions of curing
 p - 5 potions of attraction
 q - 3 potions of cancellation
 w - 4 potions of invisibility
 x - 3 potions of brilliance {unknown}
 z - a potion of haste {unknown}
 A - 2 potions of mutation
 B - a potion of degeneration {unknown}
 I - 2 potions of ambrosia
 S - 3 potions of flight
 U - a potion of might {unknown}


   Skills:
 - Level 4.0 Fighting
 - Level 2.4 Dodging
 - Level 1.4 Stealth
 + Level 14.0 Spellcasting
 - Level 2.0 Conjurations
 - Level 1.2 Transmutations
 * Level 19.2 Earth Magic


You had 18 spell levels left.
You knew the following spells:

 Your Spells              Type           Power      Damage    Failure   Level
a - Sandblast             Erth           100%       2d20      0%          1
b - Stone Arrow           Conj/Erth      100%       3d13      1%          3
c - Lee's Rapid Deconstr  Erth           41%        3d20*     1%          5
d - Mephitic Cloud        Conj/Pois/Air  20%        N/A       3%          3
e - Petrify               Tmut/Erth      60%        N/A       1%          4
f - Passwall              Tmut/Erth      50%        N/A       1%          2
g - Olgreb's Toxic Radia  Pois           16%        N/A       13%         4

Your spell library contained the following spells:

 Spells                   Type           Power      Damage    Failure   Level
 Airstrike                Air            8%         2d(2-18)  13%         4
 Magic Dart               Conj           100%       1d8       1%          1
 Beastly Appendage        Tmut           44%        N/A       3%          1
 Ignite Poison            Fire/Tmut/Pois 18%        N/A       3%          3
 Wereblood                Tmut           22%        N/A       4%          2
 Volatile Blastmotes      Fire/Tloc      32%        2d12      4%          3
 Call Imp                 Summ           32%        N/A       8%          2
 Cigotuvi's Dreadful Rot  Necr/Pois/Air  32%        N/A       8%          2
 Ensorcelled Hibernation  Hex/Ice        32%        N/A       8%          2
 Fulminant Prism          Conj/Hex       10%        3d8       9%          4
 Iskenderun's Mystic Bla  Conj/Tloc      21%        2d6       9%          4
 Spider Form              Tmut/Pois      19%        N/A       12%         3
 Swiftness                Air            16%        N/A       16%         3
 Freezing Cloud           Conj/Ice/Air   10%        6-21      26%         5


Dungeon Overview and Level Annotations

Branches:
Dungeon (13/15) Zot: 72    Temple (1/1) D:6 Zot: 412     Orc (1/2) D:11 Zot: 494
   Lair: D:8-11      Vaults: D:13-14

Altars:
Ashenzari
Cheibriados
Dithmenos
Elyvilon
Fedhas
Gozag
Hepliaklqana
Kikubaaqudgha
Makhleb
Nemelex Xobeh
Okawaru
Qazlal
Ru
Sif Muna
Trog
Uskayaw
Vehumet
Wu Jian
Xom
Yredelemnul
Zin
The Shining One

Shops:
D:7 =   D:9 =[   D:11 :=?

Annotations:
D:4 3 runed translucent doors
D:8 exclusions: electric eel and 3 more exclusions
D:9 2 transporters
D:10 exclusion: ice statue


Innate Abilities, Weirdness & Mutations

You passively map the area around you.
You are easily found by Zot.
You glow in the dark.
You regain HP and MP as you explore.
You have a pair of small horns on your head.
Your mind is acute. (Int +4, Str/Dex -1)


Message History

The orc looks frightened!
The orc warlord looks frightened!
The orc looks frightened!
The orc wizard mumbles some strange words.
The orc wizard flickers and vanishes!
Deactivating autopickup; reactivate with Ctrl-A.
Casting: Stone Arrow (safe; 1% risk of failure)
Confirm with . or Enter, or press ? or * to list all spells.
Aiming: Stone Arrow (safe; 1% risk of failure)
Press: ? - help, Shift-Dir - straight line, f - orc warlord
Aim: an orc warlord, wielding a +0 halberd and wearing a +0 chain mail (lightly wounded, fleeing, very poisoned, 84% to hit)
The stone arrow hits the orc warlord!
The orc warlord is moderately wounded.
Your attack snaps the orc warlord out of its fear.
The orc warlord roars a battlecry!
Casting: Stone Arrow (safe; 1% risk of failure)
Confirm with . or Enter, or press ? or * to list all spells.
Aiming: Stone Arrow (safe; 1% risk of failure)
Press: ? - help, Shift-Dir - straight line, f/p - orc warlord
Aim: an orc warlord, wielding a +0 halberd and wearing a +0 chain mail (moderately wounded, very poisoned, 84% to hit)
The stone arrow hits the orc warlord!
The orc warlord is heavily wounded.
Your magical contamination has completely faded away.
Casting: Stone Arrow (safe; 1% risk of failure)
Confirm with . or Enter, or press ? or * to list all spells.
Aiming: Stone Arrow (safe; 1% risk of failure)
Press: ? - help, Shift-Dir - straight line, f/p - orc warlord
Aim: an orc warlord, wielding a +0 halberd and wearing a +0 chain mail (heavily wounded, very poisoned, 84% to hit)
The stone arrow hits the orc warlord!!
The orc warlord is severely wounded.
Unknown command.
Casting: Stone Arrow (safe; 1% risk of failure)
Confirm with . or Enter, or press ? or * to list all spells.
Aiming: Stone Arrow (safe; 1% risk of failure)
Press: ? - help, Shift-Dir - straight line, f/p - orc warlord
Aim: an orc warlord, wielding a +0 halberd and wearing a +0 chain mail (severely wounded, very poisoned, 84% to hit)
The stone arrow hits the orc warlord!!
The orc warlord is almost dead.
The orc warrior shouts!
The orc warlord hits you from afar with a +0 halberd!!
You die...

,.......o.).)...........##
.#.##...)..).........###
#.*##..oo.).........## .,
##.....)..........# * ,
*#.....)..........## ,
##......).......## , *
###.##.#o†.....## #
##.........# , *
##..#@....## * ,*
#...#....## , * ,
*##......### , , #......##
, , , , ##.##.## *, ######
#..#... , ........# *
.......... ,


You could see an orc warlord (very poisoned), an orc warrior (strong) and an orc
priest (strong).

Vanquished Creatures
  A tengu warrior (D:13)
  4 two-headed ogres
  Sonja (D:11)
  5 skeletal warriors (D:12)
  A cyclops (D:13)
  2 komodo dragons (D:10)
  A freezing wraith (D:11)
  A polar bear (D:11)
  4 trolls
  Sigmund (D:5)
  3 wraiths
  12 yaks
  4 basilisks
  4 wyverns
  Grum (D:8)
  3 steam dragons
  4 vampire mosquitoes (D:12)
  A warg (Orc:1)
  4 acid dragons
  A meliai simulacrum (D:11)
  A sky beast (D:8)
  8 ice beasts
  10 orc warriors
  2 black bears
  8 wolves
  2 ogres
  2 centaurs (D:9)
  6 kobold brigands
  2 bullfrogs
  7 gnoll sergeants
  A wyvern zombie (D:8)
  6 killer bees (D:10)
  2 electric eels
  3 howler monkeys (D:11)
  3 hounds
  A jelly (D:7)
  5 orc priests
  A gnoll bouda (D:9)
  Terence (D:2)
  3 iguanas
  Natasha (thrice) (D:4)
  13 orc wizards
  A killer bee zombie (D:8)
  2 centaur simulacra
  11 gnolls
  5 adders
  A shadow imp (D:4)
  A howler monkey simulacrum (D:11)
  9 white imps
  2 ufetubi
  A worm (D:2)
  35 orcs
  6 endoplasms
  A giant cockroach (D:4)
  5 goblins
  6 hobgoblins
  2 jackals (D:3)
  2 quokkas
  4 ball pythons
  2 bats
  16 kobolds
  A rat (D:1)
261 creatures vanquished.

Notes
Turn   | Place    | Note
-------+----------+-------------------------------------------
     0 | D:1      | Gladio the Meteoran Earth Elementalist began the quest for
                  | the Orb.
     0 | D:1      | Reached XP level 1. HP: 14/14 MP: 5/5
   330 | D:1      | Reached XP level 2. HP: 20/20 MP: 4/6
   498 | D:2      | Reached skill level 4 in Earth Magic
   593 | D:2      | Reached skill level 1 in Fighting
   593 | D:2      | Reached XP level 3. HP: 26/28 MP: 3/8
   597 | D:2      | Learned a level 3 spell: Stone Arrow
   653 | D:2      | Found a snail-covered altar of Cheibriados.
   687 | D:2      | Noticed Terence
   707 | D:2      | Killed Terence
   708 | D:2      | Reached skill level 1 in Conjurations
   708 | D:2      | Reached XP level 4. HP: 19/35 MP: 0/10
  1083 | D:2      | Glimpsed the power of Zot.
  1133 | D:2      | Glimpsed the power of Zot.
  1515 | D:3      | Reached skill level 5 in Earth Magic
  1515 | D:3      | Reached XP level 5. HP: 41/41 MP: 6/11
  1541 | D:3      | Identified the +4 short sword of Balance {flame, Str+4}
  1679 | D:3      | Glimpsed the power of Zot.
  1729 | D:3      | Glimpsed the power of Zot.
  1769 | D:3      | Glimpsed the power of Zot.
  1788 | D:4      | You fall into a shaft and drop 2 floors!
  1797 | D:5      | Entered Level 5 of the Dungeon
  1952 | D:4      | Noticed Natasha
  1954 | D:4      | Killed Natasha
  1974 | D:4      | Reached XP level 6. HP: 48/48 MP: 5/12
  2036 | D:4      | Found a hazy altar of Hepliaklqana.
  2114 | D:4      | Noticed a black bear
  2116 | D:4      | Killed a black bear
  2117 | D:4      | Reached skill level 6 in Earth Magic
  2186 | D:4      | Noticed Natasha
  2190 | D:4      | Killed Natasha
  2191 | D:4      | Reached XP level 7. HP: 56/56 MP: 6/14
  2252 | D:4      | Learned a level 5 spell: Lee's Rapid Deconstruction
  2446 | D:4      | Noticed Natasha
  2447 | D:4      | Killed Natasha
  2459 | D:4      | Found a runed translucent gate.
  2459 | D:4      | Found a runed translucent gate.
  2459 | D:4      | Found a runed translucent gate.
  2636 | D:5      | Noticed Sigmund
  2640 | D:5      | Killed Sigmund
  2641 | D:5      | Reached skill level 5 in Spellcasting
  2641 | D:5      | Reached skill level 7 in Earth Magic
  2641 | D:5      | Reached XP level 8. HP: 57/66 MP: 8/16
  2651 | D:5      | Found a glowing golden altar of the Shining One.
  3021 | D:6      | Found a staircase to the Ecumenical Temple.
  3030 | Temple   | Entered the Ecumenical Temple
  3180 | Temple   | Became a worshipper of Vehumet
  3388 | D:6      | Reached skill level 8 in Earth Magic
  3643 | D:6      | Glimpsed the power of Zot.
  3682 | D:7      | Noticed a wyvern
  3685 | D:7      | Killed a wyvern
  3709 | D:7      | Found Wuegoerem's Jewellery Emporium.
  3750 | D:7      | Noticed a steam dragon
  3753 | D:7      | Killed a steam dragon
  3754 | D:7      | Reached skill level 9 in Earth Magic
  3754 | D:7      | Gained mutation: You passively map the area around you.
                  | [Meteoran growth]
  3754 | D:7      | Reached XP level 9. HP: 71/71 MP: 12/19
  3832 | D:7      | Found an ornate altar of the Wu Jian Council.
  4062 | D:7      | Reached skill level 10 in Earth Magic
  4234 | D:7      | Glimpsed the power of Zot.
  4235 | D:7      | Noticed a deep troll
  4235 | D:7      | Noticed a deep troll
  4265 | D:8      | Reached * piety under Vehumet
  4265 | D:8      | Offered knowledge of Foxfire by Vehumet.
  4348 | D:8      | Identified the +2 sling "Qoamookk" {flame, rN+ Stlth+}
  4424 | D:8      | Found a basalt altar of Yredelemnul.
  4590 | D:8      | Reached skill level 11 in Earth Magic
  4619 | D:8      | Noticed Grum
  4624 | D:8      | Killed Grum
  4730 | D:9      | Noticed a boulder beetle
  4730 | D:9      | Found a transporter.
  4730 | D:9      | Found a glowing silver altar of Zin.
  4730 | D:9      | Found a transporter.
  4731 | D:9      | Noticed a centaur warrior
  4731 | D:9      | Noticed a centaur warrior
  4732 | D:9      | Found a hide-covered altar of Uskayaw.
  4732 | D:9      | Noticed a centaur warrior
  4775 | D:9      | Reached XP level 10. HP: 45/78 MP: 13/23
  4791 | D:9      | Gained mutation: Your mind is acute. (Int +4, Str/Dex -1)
                  | [potion of mutation]
  4791 | D:9      | Gained mutation: You have a pair of small horns on your
                  | head. [potion of mutation]
  4845 | D:9      | Reached skill level 12 in Earth Magic
  4922 | D:9      | Found Xysu Boc's Jewellery Shop.
  5042 | D:9      | Reached ** piety under Vehumet
  5043 | D:9      | Reached skill level 13 in Earth Magic
  5057 | D:9      | Offered knowledge of Poisonous Vapours by Vehumet.
  5252 | D:9      | Found Viukom's Antique Armour Boutique.
  5260 | D:9      | Bought a cloak for 126 gold pieces
  5260 | D:9      | Bought an embroidered robe for 103 gold pieces
  5260 | D:9      | Bought a pair of embroidered boots for 210 gold pieces
  5399 | D:10     | Entered Level 10 of the Dungeon
  5428 | D:10     | Noticed an ice statue
  5585 | D:10     | Noticed a komodo dragon
  5589 | D:10     | Killed a komodo dragon
  5590 | D:10     | Reached skill level 10 in Spellcasting
  5590 | D:10     | Reached skill level 14 in Earth Magic
  5624 | D:10     | Offered knowledge of Static Discharge by Vehumet.
  5625 | D:10     | Reached XP level 11. HP: 84/84 MP: 23/26
  5626 | D:10     | Noticed a two-headed ogre
  5632 | D:10     | Killed a two-headed ogre
  5708 | D:10     | Reached skill level 15 in Earth Magic
  5715 | D:10     | Learned a level 3 spell: Mephitic Cloud
  5720 | D:10     | Learned a level 4 spell: Petrify
  5966 | D:10     | Reached *** piety under Vehumet
  5995 | D:10     | Glimpsed the power of Zot.
  6045 | D:10     | Glimpsed the power of Zot.
  6077 | D:10     | Learned a level 2 spell: Passwall
  6085 | D:10     | Glimpsed the power of Zot.
  6166 | D:11     | Reached skill level 16 in Earth Magic
  6171 | D:11     | Offered knowledge of Frozen Ramparts by Vehumet.
  6236 | D:11     | Found Hulas's Book Shop.
  6429 | D:11     | Reached XP level 12. HP: 91/91 MP: 20/28
  6464 | D:11     | Found a staircase to the Orcish Mines.
  6468 | D:11     | Reached **** piety under Vehumet
  6475 | D:11     | Offered knowledge of Olgreb's Toxic Radiance by Vehumet.
  6517 | D:11     | Reached skill level 17 in Earth Magic
  6576 | D:11     | Glimpsed the power of Zot.
  6591 | D:11     | Found Iblaith's Jewellery Emporium.
  6598 | D:11     | Noticed a two-headed ogre
  6602 | D:11     | Killed a two-headed ogre
  6618 | D:11     | Found Voriaf's Magic Scroll Emporium.
  6626 | D:11     | Bought a scroll of identify for 28 gold pieces
  6626 | D:11     | Bought a scroll of identify for 28 gold pieces
  6626 | D:11     | Bought a scroll of identify for 28 gold pieces
  6626 | D:11     | Bought 2 scrolls of identify for 56 gold pieces
  6626 | D:11     | Glimpsed the power of Zot.
  6666 | D:11     | Glimpsed the power of Zot.
  6675 | D:11     | Touched by the power of Zot.
  6959 | D:12     | Noticed a skeletal warrior
  6961 | D:12     | Noticed a skeletal warrior
  6962 | D:12     | Killed a skeletal warrior
  6962 | D:12     | Noticed a skeletal warrior
  6964 | D:12     | Killed a skeletal warrior
  6965 | D:12     | Noticed a skeletal warrior
  6966 | D:12     | Killed a skeletal warrior
  6967 | D:12     | Reached skill level 18 in Earth Magic
  6968 | D:12     | Noticed a skeletal warrior
  7001 | D:12     | Killed a skeletal warrior
  7004 | D:12     | HP: 2/71 [skeletal warrior/+0 mace (23)]
  7032 | D:12     | Killed a skeletal warrior
  7051 | D:12     | Noticed a two-headed ogre
  7214 | D:12     | Found a stormy altar of Qazlal.
  7292 | D:12     | Killed a two-headed ogre
  7338 | D:12     | Reached XP level 13. HP: 38/77 MP: 10/31
  7373 | D:12     | Glimpsed the power of Zot.
  7414 | D:12     | Noticed a two-headed ogre
  7417 | D:12     | Killed a two-headed ogre
  7423 | D:12     | Glimpsed the power of Zot.
  7463 | D:12     | Glimpsed the power of Zot.
  7473 | D:12     | Touched by the power of Zot.
  7518 | D:13     | Noticed a tengu warrior
  7528 | D:13     | Killed a tengu warrior
  7898 | D:11     | Noticed Sonja
  7901 | D:11     | Killed Sonja
  7902 | D:11     | Reached skill level 19 in Earth Magic
  8165 | D:11     | Glimpsed the power of Zot.
  8193 | Orc:1    | Entered Level 1 of the Orcish Mines
  8243 | Orc:1    | Learned a level 4 spell: Olgreb's Toxic Radiance
  8279 | Orc:1    | Reached ***** piety under Vehumet
  8280 | Orc:1    | Offered knowledge of Airstrike by Vehumet.
  8281 | Orc:1    | Noticed an orc warlord
  8297 | Orc:1    | Demolished by an orc warlord

Illustrated notes

Levels and vault maps discovered:
D:1:      mainiacjoe_arrival_reflecting_pool, layout_basic
D:2:      layout_basic, basic_altar, roderic_roman_lattice, uniq_terence,
          uniq_crazy_yiuf_cottage
D:3:      layout_loops_ring, biasface_ghost_orc_armoury, minivault_27,
          amcnicky_mini_corridor_feature
D:4:      layout_loops_cross, nicolae_hepliaklqana_hippocampus,
          gammafunk_ghost_necromancy, uniq_natasha
D:5:      layout_basic, mainiacjoe_overflow_chevrons,
          kennysheep_generic_room_15, uniq_sigmund
D:6:      layout_rooms, minmay_temple_entry_sparse_star, lemuel_flame_loot_1
D:7:      cheibrodos_steamvent, layout_loops_ring,
          pdpol_wu_jian_five_deadly_venoms, serial_shops, shop,
          grunt_ministairs_11, hellmonk_guarded_unrand_vitality_bloodlust
D:8:      layout_rooms, lemuel_zombie_altar_yredelemnul, water_maze_lemuel,
          uniq_grum
D:9:      layout_rooms, gammafunk_temple_overflow_arena, serial_ice,
          serial_ice_l, serial_ice_n, serial_ice_a, serial_ice_d, serial_shops,
          shop, shop, minmay_misc_feat_rows, chequers_serial_rivers_room_b,
          serial_bayou_ford_a, item_on_display_a
D:10:     lemuel_ice_statue, layout_basic, erik_lair_dragon, skrybe_limestone_x
D:11:     layout_basic, kennysheep_orc_monster_closet_entryway, serial_shops,
          shop, shop, nicolae_shop_stone, serial_ice, serial_ice_h,
          serial_ice_m, serial_ice_g, serial_ice_o, serial_ice_k, serial_ice_f,
          uniq_sonja
D:12:     layout_irregular_city, nicolae_qazlal_general_emergency
D:13:     layout_basic, david_vaults_2
Temple:   nicolae_temple_elliptical
Orc:1:    layout_caves

Skill      XL: |  1  2  3  4  5  6  7  8  9 10 11 12 13 |
---------------+----------------------------------------+-----
Earth Magic    | 4 5 6 7 9 11 14 16 18 19 | 19.2
Spellcasting   | 3 4 5 6 8 10 11 13 14 | 14.0
Fighting       | 1 2 3 4 |  4.0
Conjurations   | 1 2 |  2.0
Dodging        | |  2.4
Stealth        | |  1.4
Transmutations | |  1.2

Action                     |  1- 3 |  4- 6 |  7- 9 | 10-12 | 13-15 || total
---------------------------+-------+-------+-------+-------+-------++-------
  Melee: Short sword       |       |     1 |     3 |    16 |       ||    20
   Cast: Sandblast         |    26 |    42 |    72 |    50 |     5 ||   195
         Stone Arrow       |     1 |    11 |    28 |   141 |    42 ||   223
         Lee's Rapid Decon |       |       |       |    42 |     3 ||    45
         Passwall          |       |       |       |     1 |       ||     1
         Olgreb's Toxic Ra |       |       |       |       |     3 ||     3
  Evoke: Wand              |       |       |     2 |    13 |       ||    15
    Use: Potion            |     1 |       |       |     5 |       ||     6
         Scroll            |       |     3 |       |    16 |     4 ||    23
 Armour: Robe              |       |     3 |    11 |       |       ||    14
         Acid dragon scale |       |       |       |    31 |    19 ||    50
  Dodge: Dodged            |    11 |     9 |    21 |    30 |    22 ||    93
